 Dungeon Crawl Stone Soup version 0.21.1-1-g345015fe64 (webtiles) character file.

84 Gargoyl the Skirmisher (level 4, -10/40 HPs)
             Began as a Centaur Abyssal Knight on Apr 12, 2018.
             Was a Follower of Lugonu.
             Killed by divine providence
             ... invoked by an orc priest
              (15 damage)
             ... on level 3 of the Dungeon.
             The game lasted 00:04:23 (2489 turns).

Gargoyl the Skirmisher (Centaur Abyssal Knight)     Turns: 2489, Time: 00:04:23

Health: -10/40     AC:  7    Str: 15    XL:     4   Next: 23%
Magic:  5/5        EV:  4    Int: 11    God:    Lugonu [*.....]
Gold:   79         SH:  0    Dex:  9    Spells: 3/3 levels left

rFire    . . .     SeeInvis .   a - +2 hand axe
rCold    . . .     Gourm    .   (no shield)
rNeg     . . .     Faith    .   f - +0 chain mail
rPois    .         Spirit   .   (no helmet)
rElec    .         Reflect  .   (no cloak)
rCorr    .         Harm     .   (no gloves)
MR       .....                  (no barding)
Stlth    ..........             (no amulet)
HPRegen  0.13/turn              (no ring)
MPRegen  0.09/turn              (no ring)

@: very quick
A: large, hooves 3, deformed body, speed 2, tough skin 3
a: Depart the Abyss, Renounce Religion


You were on level 3 of the Dungeon.
You worshipped Lugonu.
Lugonu was aware of your devotion.
You were hungry.

You visited 1 branch of the dungeon, and saw 3 of its levels.
You visited the Abyss 1 time.

You collected 79 gold pieces.

Inventory:

Hand Weapons
 a - a +2 hand axe (weapon)
Armour
 f - a +0 chain mail (worn)
Scrolls
 e - a scroll of amnesia
 i - 2 scrolls of identify
Potions
 b - 4 potions of haste {unknown}
 d - 2 potions of lignification
 g - a potion of heal wounds {unknown}
 h - 6 potions of curing
 j - a potion of might {unknown}
 l - a potion of flight {unknown}
Comestibles
 c - 5 rations


   Skills:
 + Level 3.9 Fighting
 + Level 2.4 Axes
 * Level 2.2 Armour
 + Level 0.7 Dodging
 * Level 2.3 Invocations


You had 3 spell levels left.
You didn't know any spells.

Dungeon Overview and Level Annotations

Branches:
Dungeon (3/15)

Altars:


Innate Abilities, Weirdness & Mutations

You have hooves in place of feet.
Armour fits poorly on your strangely shaped body.
You cover ground very quickly.
You have extremely tough skin. (AC +3)


Message History

You hear an angry hiss.
Unknown command.
Unknown command.
Unknown command.
Unknown command.
Unknown command.
Unknown command.
Your chain mail prevents you from hitting the orc priest.
The orc priest is heavily wounded.
Your chain mail prevents you from hitting the orc.
The orc hits you with a hand axe.
* * * LOW HITPOINT WARNING * * *
The orc priest calls down the wrath of Beogh upon you.
Beogh smites you!
* * * LOW HITPOINT WARNING * * *
It was a potion of curing.
You feel better. The orc hits you with a hand axe.
* * * LOW HITPOINT WARNING * * *
The orc priest mumbles some strange prayers to Beogh against you.
Beogh smites you!
You die...

## #.# #.# ##.#
#########o## #
######.>.....@oS###.
#(.)...#########K#.#
#.###### ..o# #.#
##.# #.#
###.####.####### #.#
.....S..<.......
####.#
##.###S#######.
<....# #(.S.....
.##### #K.######


You could see an orc priest, an orc, a ball python and a kobold.

Vanquished Creatures
  Terence (D:2)
  An adder (D:2)
  An ooze (D:2)
  A worm (D:2)
  A dart slug (D:1)
  A leopard gecko (D:1)
  2 orcs (D:3)
  2 ball pythons
  A giant cockroach (D:1)
  4 goblins
  5 hobgoblins
  7 kobolds
  4 bats
  2 frilled lizards
  4 rats (D:1)
37 creatures vanquished.

Notes
Turn   | Place    | Note
-------+----------+-------------------------------------------
     0 | Abyss:1  | Gargoyl the Centaur Abyssal Knight began the quest for the Orb.
     0 | Abyss:1  | Reached XP level 1. HP: 19/19 MP: 2/2
    62 | Abyss:1  | Noticed an ancient zyme
    76 | Abyss:1  | Noticed a hungry ghost
   120 | Abyss:1  | Noticed a thrashing horror
   122 | D:1      | Escaped the Abyss
   474 | D:1      | Reached XP level 2. HP: 7/26 MP: 3/3
   848 | D:1      | Reached * piety under Lugonu
  1602 | D:2      | Reached XP level 3. HP: 33/33 MP: 4/4
  1660 | D:2      | Noticed Terence
  1675 | D:2      | Killed Terence
  1793 | D:2      | Reached XP level 4. HP: 38/40 MP: 5/5
  1965 | D:2      | Found a faded altar of an unknown god.
  2488 | D:3      | HP: 1/40 [orc priest/divine providence (7)]
  2489 | D:3      | Killed from afar by an orc priest

Skill      XL: |  1  2  3 |
---------------+----------+-----
Axes           | 2 |  2.4
Armour         | 2 |  2.2
Fighting       | |  3.9
Dodging        | |  0.7
Invocations    | |  2.3

Action                   |  1- 3 |  4- 6 || total
-------------------------+-------+-------++-------
Melee: Hand axe          |    75 |    18 ||    93
       Kick              |    14 |     5 ||    19
Invok: Depart the Abyss  |     1 |       ||     1
  Use: Scroll            |     8 |     1 ||     9
       Potion            |       |     1 ||     1
  Eat: Chunk             |     3 |     1 ||     4
Armor: Leather armour    |    11 |       ||    11
       Chain mail        |    29 |    13 ||    42
Dodge: Dodged            |    28 |     6 ||    34
